 Dungeon Crawl Stone Soup version 0.29.0-10-g45618ea6d2 (webtiles) character file.

Game seed: 17948921914071276109

2137 Flugkiller the Cleaver (level 9, -3/81 HPs)
             Began as a Minotaur Fighter on Sept 1, 2022.
             Slain by a hornet (9 damage)
             ... while paralysed by a hornet
             ... on level 7 of the Dungeon.
             The game lasted 00:03:08 (6031 turns).

Flugkiller the Cleaver (Minotaur Fighter)           Turns: 6031, Time: 00:03:09

Health: -3/81      AC: 19    Str: 21    XL:     9   Next: 9%
Magic:  8/8        EV:  2    Int:  5    God:
Gold:   275        SH:  0    Dex: 14    Spells: 8/8 levels left

rFire   + . .      SeeInvis .   a - +1 war axe (elec)
rCold   . . .      Faith    .   c - +1 buckler
rNeg    . . .      Spirit   .   e - +0 chain mail
rPois   .          Reflect  .   (helmet restricted)
rElec   .          Harm     .   w - +2 cloak
rCorr   .          Rampage  .   x - +0 pair of gloves
Will    .....                   i - +2 pair of boots
Stlth   ..........              (no amulet)
HPRegen 0.23/turn               f - ring of protection from fire
MPRegen 0.11/turn               n - ring of flight

@: paralysed, lethally poisoned (-3 -> -10), flying, slowed, studying Axes
A: horns 2, retaliatory headbutt
a: no special abilities


You were on level 7 of the Dungeon.
You visited 1 branch of the dungeon, and saw 7 of its levels.
You also visited: Sewer.

You collected 275 gold pieces.

Inventory:

Hand Weapons
 a - a +1 war axe of electrocution (weapon)
Missiles
 p - 2 boomerangs (quivered)
 B - 5 throwing nets
Armour
 b - a +0 scale mail
 c - a +1 buckler (worn)
 e - a +0 chain mail (worn)
   (You found it on level 3 of the Dungeon)
 i - a +2 pair of boots (worn)
   (You found it on level 1 of the Dungeon)
 w - a +2 cloak (worn)
   (You found it on level 5 of the Dungeon)
 x - a +0 pair of gloves (worn)
   (You found it on level 6 of the Dungeon)
Jewellery
 f - a ring of protection from fire (left hand)
   (You found it on level 2 of the Dungeon)
 k - a ring of resist corrosion
   (You found it on level 4 of the Dungeon)
 n - a ring of flight (right hand)
   (You found it on level 3 of the Dungeon)
 u - a ring of protection from fire
   (You found it on level 5 of the Dungeon)
Scrolls
 h - 5 scrolls of immolation
 l - a scroll of magic mapping
 r - 2 scrolls of identify
 t - 2 scrolls of teleportation
 y - a scroll of fear
 A - 2 scrolls of butterflies
Potions
 d - a potion of might
 g - a potion of flight {unknown}
 j - 2 potions of lignification
 m - a potion of experience {unknown}
 o - a potion of degeneration {unknown}
 q - 3 potions of curing
 s - a potion of cancellation {unknown}
 v - a potion of haste {unknown}
 z - 2 potions of mutation {unknown}


   Skills:
 + Level 8.1 Fighting
 * Level 12.7 Axes
 + Level 8.1 Armour
 - Level 3.6 Shields


You had 8 spell levels left.
You didn't know any spells.
Your spell library was empty.

Dungeon Overview and Level Annotations

Branches:
Dungeon (7/15)              Sewer (visited)
 Temple: D:4-7

Altars:
Kikubaaqudgha
Nemelex Xobeh
Trog
Yredelemnul

Shops:
D:1 ?

Annotations:
D:4 2 transporters


Innate Abilities, Weirdness & Mutations

You have a pair of horns on your head.
You reflexively headbutt those who attack you in melee.


Message History

You kill the orc wizard!
You hit the bush but do no damage. You slash the bush!
Lightning courses through the bush! You slash the bush!
Things that are here:
a +0 dagger of electrocution; a +0 robe You hit the orc.
The orc is heavily wounded.
You hit the bush but do no damage. x2; You completely miss the bush.
You barely miss the orc. The orc barely misses you. The orc closely misses you.
You hit the orc. Lightning courses through the orc!
You kill the orc!
You barely miss the orc. You hit the bush but do no damage. You hit the bush.
Lightning courses through the bush! You hit the bush but do no damage.
You block the orc's attack.
You slash the orc!
You kill the orc!
You hit the bush. Lightning courses through the bush! You hit the bush.
Lightning courses through the bush! You hit the bush but do no damage.
No target in view!
No target in view!
No target in view!
No target in view!
No target in view!
No target in view!
No target in view!
No target in view!
No target in view!
Found a stone staircase leading up.
A - 2 scrolls of butterflies (gained 1)
Things that are here:
a +0 mace; a +0 leather armour
Things that are here:
a +0 dagger of electrocution; a +0 robe
There is a sparkling altar of Nemelex Xobeh here.
r - 2 scrolls of identify (gained 1)
You see here a +0 spear.
A yak is nearby!
A yak is nearby!
A yak is nearby!
The yak bellows!
A yak comes into view.
The hornet buzzes angrily.
You block the yak's attack.
You slash the yak! Lightning courses through the yak!
The yak is severely wounded.
The yak gores you but does no damage.
You completely miss the yak.
The yak is severely wounded.
You barely miss the yak. The yak gores you. The yak barely misses you.
You slash the yak!
The yak is almost dead.
You hit the yak. The hornet stings you.
You are poisoned.
You suddenly lose the ability to move!
The yak barely misses you. The yak gores you but does no damage.
You feel very sick. The hornet stings you.
You feel yourself slow down. The yak gores you.
You can move again.
You barely miss the hornet.
You barely miss the yak. x2; You hit the yak.
You feel yourself speed up.
You feel very sick. You block the hornet's attack.
The hornet stings you but does no damage.
The yak gores you. You block the yak's attack. The yak barely misses you.
You slash the hornet! Your headbutt misses the hornet.
The hornet is moderately wounded.
You hit the yak. Lightning courses through the yak! You slash the yak!
You hit the yak.
You kill the yak!
You feel sick. The hornet barely misses you. You block the yak's attack.
The yak gores you.
The hornet stings you but does no damage.
Your Fighting skill increases to level 8!
Your Armour skill increases to level 8!
You completely miss the hornet. Your headbutt misses the hornet.
The hornet is moderately wounded.
You slash the yak! x2; You feel sick.
The hornet stings you but does no damage.
The yak barely misses you. The yak gores you!
You hit the yak.
The yak is almost dead.
You hit the hornet but do no damage. You slash the yak!
You feel sick. The hornet stings you.
You are more poisoned.
You suddenly lose the ability to move!
The yak gores you but does no damage. x2
You feel very sick.
The hornet stings you but does no damage.
The yak gores you but does no damage. The hornet stings you.
You feel yourself slow down. The yak gores you!
You feel yourself speed up.
You feel very sick. The hornet stings you.
* * * LOW HITPOINT WARNING * * *
You feel yourself slow down.
The yak gores you but does no damage. x2
You feel sick.
The hornet stings you but does no damage.
The yak gores you!
* * * LOW HITPOINT WARNING * * *
The yak gores you but does no damage. The hornet stings you!
You die...

..)..######..##.##.....
....### ##..#..##.... ))))..#
###....#...# )))...##
#........# .).....#
##......#.## .
.................##.##..
.#.......##.......!........##
##.......##.................#
...##.........†@...........#
..## ...##.#..YYy..........#
.## .##..##..............# #.
...............#
##.#...........#
............###.#
...........#.<...#
...................#
.....<#.......#


You could see 2 yaks and a hornet.

Vanquished Creatures
  A yak (D:7)
  A water moccasin (D:5)
  2 ice beasts
  2 black bears (D:6)
  A centaur (D:7)
  2 phantoms
  A bullfrog (D:6)
  A scorpion (D:6)
  5 hounds
  2 gnoll boudas (D:7)
  3 orc priests (D:6)
  3 jellies
  5 iguanas
  3 orc wizards
  Natasha (thrice) (D:4)
  22 gnolls
  11 adders
  4 river rats
  A shadow imp (D:6)
  A white imp (D:6)
  4 worms
  3 dart slugs
  18 orcs
  11 ball pythons
  3 bats
  An endoplasm (D:1)
  4 giant cockroaches
  8 goblins
  9 hobgoblins
  19 jackals
  3 kobolds
  4 quokkas
  8 frilled lizards
  12 rats
181 creatures vanquished.

Vanquished Creatures (others)
  13 plants (Sewer)
13 creatures vanquished.

Grand Total: 194 creatures vanquished

Notes
Turn   | Place    | Note
-------+----------+-------------------------------------------
     0 | D:1      | Flugkiller the Minotaur Fighter began the quest for the
                  | Orb.
     0 | D:1      | Reached XP level 1. HP: 19/19 MP: 0/0
   174 | D:1      | Reached skill level 3 in Axes
   174 | D:1      | Reached XP level 2. HP: 26/27 MP: 1/1
   366 | D:1      | Found Sain's Magic Scroll Boutique.
   626 | D:1      | Reached XP level 3. HP: 28/33 MP: 2/2
   994 | D:2      | Reached skill level 4 in Axes
   994 | D:2      | Reached XP level 4. HP: 41/41 MP: 3/3
  1421 | D:2      | Found an ancient bone altar of Kikubaaqudgha.
  1565 | D:3      | Found a faded altar of an unknown god.
  1700 | D:3      | Reached XP level 5. HP: 31/47 MP: 4/4
  1712 | D:3      | Reached skill level 5 in Axes
  2182 | D:3      | Reached skill level 5 in Armour
  2253 | D:3      | Identified the +9 short sword "Muoseelo" {vorpal, rN+}
  2299 | D:3      | Reached skill level 5 in Fighting
  2451 | D:3      | You are sucked into a shaft and drop 1 floor!
  2496 | D:4      | Found a basalt altar of Yredelemnul.
  2505 | D:4      | Found a bloodstained altar of Trog.
  2510 | D:4      | Reached XP level 6. HP: 44/56 MP: 5/5
  2789 | D:4      | Noticed Natasha
  2794 | D:4      | Killed Natasha
  2801 | D:4      | Found an ancient bone altar of Kikubaaqudgha.
  2814 | D:4      | Reached skill level 6 in Axes
  2899 | D:4      | Noticed Natasha
  2908 | D:4      | Killed Natasha
  3030 | D:4      | Found a transporter.
  3089 | D:4      | Noticed Natasha
  3098 | D:4      | Killed Natasha
  3244 | D:4      | Found a transporter.
  3249 | D:4      | Noticed an ice beast
  3249 | D:4      | Noticed an ice beast
  3249 | D:4      | Noticed an ice beast
  3249 | D:4      | Noticed an ice beast
  3463 | D:5      | Entered Level 5 of the Dungeon
  3485 | D:5      | Noticed a water moccasin
  3498 | D:5      | Killed a water moccasin
  3499 | D:5      | Reached XP level 7. HP: 14/62 MP: 6/6
  3799 | D:5      | Reached skill level 7 in Axes
  3887 | D:5      | Identified a scroll of acquirement
  3887 | D:5      | Acquired a manual of Axes
  4108 | D:5      | Reached skill level 8 in Axes
  4657 | D:6      | Reached skill level 9 in Axes
  4657 | D:6      | Reached XP level 8. HP: 65/71 MP: 7/7
  4722 | D:6      | Found a glowing drain.
  4740 | Sewer    | Entered a sewer
  4874 | Sewer    | Reached skill level 10 in Axes
  5456 | D:6      | Reached skill level 11 in Axes
  5827 | D:7      | Noticed a hornet
  5852 | D:7      | Reached skill level 12 in Axes
  5862 | D:7      | Reached XP level 9. HP: 57/81 MP: 8/8
  5983 | D:7      | Found a sparkling altar of Nemelex Xobeh.
  6023 | D:7      | Paralysed by a hornet for 1 turns
  6028 | D:7      | Paralysed by a hornet for 3 turns
  6031 | D:7      | Slain by a hornet

Illustrated notes

Levels and vault maps discovered:
D:1:      sevenhm_arrival_forest_fort_small_3, layout_rooms, serial_shops, shop,
          nicolae_wormholes
D:2:      layout_loops_ring, basic_altar, grunt_decor_fettered
D:3:      kennysheep_six_static_rooms, layout_basic,
          chequers_ecumenical_altar_island
D:4:      gammafunk_cloud_chamber, layout_loops_ring, lemuel_doored_altar,
          mainiacjoe_overflow_catwalk_spiral, kennysheep_doodads, uniq_natasha
D:5:      layout_loops_cross, grunt_ministairs_14
D:6:      layout_rooms, cheibrodos_sewer_entry_sluice
D:7:      layout_cave_pools, mainiacjoe_overflow_cross_hatched,
          minmay_temple_entry_grid, uniq_joseph

Skill      XL: |  1  2  3  4  5  6  7  8  9 |
---------------+----------------------------+-----
Axes           | 3 4 5 6 9 12 | 12.7
Fighting       | 4 5 6 7 8 |  8.1
Armour         | 4 5 6 7 8 |  8.1
Shields        | |  3.6

Action                   |  1- 3 |  4- 6 |  7- 9 || total
-------------------------+-------+-------+-------++-------
Melee: War axe           |    78 |   152 |   188 ||   418
       Headbutt          |     9 |    29 |    42 ||    80
  Use: Scroll            |       |     7 |     6 ||    13
       Potion            |       |     1 |       ||     1
Armor: Scale mail        |    36 |    17 |       ||    53
       Chain mail        |       |    75 |   122 ||   197
Dodge: Dodged            |    25 |    55 |    73 ||   153
Block: Buckler           |    12 |    30 |    47 ||    89
